 Dungeon Crawl Stone Soup version 0.30-a0-782-ge64f9170bb (webtiles) character file.

Game seed: 11700658094144516684

131606 nuthulu the Tortoise (level 17, -6/113 HPs)
             Began as a Gargoyle Fighter on Feb 19, 2023.
             Was a High Priest of Okawaru.
             Mangled by a wolf spider (13 damage)
             ... on level 1 of the Spider Nest.
             The game lasted 00:43:55 (23304 turns).

nuthulu the Tortoise (Gargoyle Fighter)            Turns: 23304, Time: 00:43:56

Health: -6/113     AC: 50    Str: 25    XL:     17   Next: 10%
Magic:  23/23      EV: 12    Int: 12    God:    Okawaru [*****.]
Gold:   1100       SH: 15    Dex: 15    Spells: 16/16 levels left

rFire   . . .      SeeInvis .    T - +1 eveningstar (vamp)
rCold   . . .      Faith    .    O - +2 buckler
rNeg    + + .      Spirit   .    k - +2 plate armour of Quicamn {rN+ Will+}
rPois   ∞          Reflect  +    W - +1 helmet
rElec   +          Harm     .    F - +2 cloak
rCorr   .          Rampage  .    Q - +1 pair of gloves {Stlth+}
Will    ++...                    s - +0 pair of boots Stlth
                                 r - amulet of reflection
HPRegen 0.38/turn                y - +4 ring of protection
MPRegen 0.18/turn                u - +6 ring of dexterity

@: heroic, flying
A: sickness immunity, AC +12, big wings, negative energy resistance 1,
electricity resistance, torment resistance 1, petrification resistance
a: Renounce Religion, Heroism, Finesse, Duel


You were on level 1 of the Spider Nest.
You worshipped Okawaru.
Okawaru was extremely pleased with you.
You visited 5 branches of the dungeon, and saw 23 of its levels.

You collected 1963 gold pieces.
You spent 863 gold pieces at shops.

Inventory:

Hand Weapons
 P - a +0 eveningstar of protection
 T - a +1 vampiric eveningstar (weapon)
Missiles
 M - a throwing net (quivered)
Armour
 c - a +2 plate armour of poison resistance
 k - the +2 plate armour of Quicamn (worn) {rN+ Will+}
   (Okawaru gifted it to you on level 12 of the Dungeon)

   rN:        It protects you from negative energy.
   Will:      It increases your willpower.
 s - a +0 pair of boots (worn)
 F - a +2 cloak (worn)
 O - a +2 buckler (worn)
 Q - a +1 pair of gloves of stealth (worn)
 W - a +1 helmet (worn)
Jewellery
 b - a +6 ring of strength
 i - an amulet of guardian spirit
 p - an amulet of regeneration
 r - an amulet of reflection (around neck)
 u - a +6 ring of dexterity (right hand)
 v - an amulet of faith
 x - a ring of protection from fire
 y - a +4 ring of protection (left hand)
 N - a ring of fire
 R - an amulet of magic regeneration
 S - a ring of protection from fire
Wands
 m - a wand of polymorph (6)
 E - a wand of iceblast (5)
 G - a wand of flame (48)
 K - a wand of light (15)
Scrolls
 j - 2 scrolls of blinking
 n - 8 scrolls of identify
 w - 12 scrolls of teleportation
 z - 5 scrolls of poison
 A - 2 scrolls of fear
 B - 4 scrolls of vulnerability
 D - 2 scrolls of magic mapping
 H - 9 scrolls of fog
 V - 2 scrolls of amnesia
Potions
 a - a potion of resistance
 d - 2 potions of might
 e - 6 potions of lignification
 f - 2 potions of haste
 g - 4 potions of curing
 l - a potion of brilliance
 o - a potion of heal wounds
 q - 8 potions of mutation
 t - 2 potions of flight
 C - 6 potions of cancellation
 I - 5 potions of attraction
 J - 2 potions of ambrosia
 U - 2 potions of invisibility


   Skills:
 + Level 15.2(20.2) Fighting
 - Level 16.0(21.0) Maces & Flails
 + Level 17.1(22.1) Armour
 - Level 4.9(9.9) Dodging
 - Level 10.9(15.9) Shields
 - Level 9.1 Invocations


You had 16 spell levels left.
You didn't know any spells.
Your spell library contained the following spells:

 Spells                   Type           Power      Damage    Failure   Level
 Apportation              Tloc           0%         N/A       86%         1
 Necrotise                Necr           0%         1d4       86%         1
 Lesser Beckoning         Tloc           0%         N/A       95%         2
 Passwall                 Tmut/Erth      0%         N/A       95%         2
 Gell's Gravitas          Tloc           0%         N/A       99%         3
 Teleport Other           Tloc           0%         N/A       99%         3
 Vhi's Electric Charge    Tloc/Air       0%         N/A       99%         3
 Dispel Undead            Necr           0%         3d6       100%        4
 Petrify                  Tmut/Erth      0%         N/A       100%        4
 Arcjolt                  Conj/Air       0%         1d10      100%        5
 Irradiate                Conj/Tmut      0%         3d11      100%        5
 Eringya's Noxious Bog    Tmut/Pois      0%         N/A       100%        6
 Iron Shot                Conj/Erth      0%         9d1       100%        6
 Lehudib's Crystal Spear  Conj/Erth      0%         10d2      100%        8
 Maxwell's Capacitive Co  Air            0%         ∞         100%        8
 Summon Small Mammal      Summ           Unusable   N/A       N/A         1
 Cigotuvi's Dreadful Rot  Necr/Pois/Air  Unusable   N/A       N/A         2
 Sublimation of Blood     Necr           Unusable   N/A       N/A         2
 Summon Forest            Summ/Tloc      Unusable   N/A       N/A         5
 Death Channel            Necr           Unusable   N/A       N/A         6
 Summon Hydra             Summ           Unusable   N/A       N/A         7

Dungeon Overview and Level Annotations

Branches:
Dungeon (14/15)            Temple (1/1) D:7            Lair (5/5) D:9
  Swamp (0/4) Lair:2       Spider (1/4) Lair:3        Slime (0/5) Lair:5
    Orc (2/2) D:10            Elf (0/3) Orc:2        Vaults (0/5) D:14

Altars:
Ashenzari
Cheibriados
Dithmenos
Elyvilon
Fedhas
Gozag
Hepliaklqana
Kikubaaqudgha
Makhleb
Nemelex Xobeh
Okawaru
Qazlal
Ru
Sif Muna
Trog
Uskayaw
Vehumet
Wu Jian
Xom
Yredelemnul
Zin
The Shining One

Shops:
D:3 *   D:6 *   D:12 [   Orc:2 *([!(

Annotations:
Lair:5 1 runed translucent door


Innate Abilities, Weirdness & Mutations

You are immune to sickness and miasma.
Your stone body is resilient. (AC +12)
You are immune to poison.
Your large and strong wings let you fly.
You resist negative energy. (rN+)
You are resistant to electric shocks. (rElec)
You are resistant to unholy torment.
You are immune to petrification.


Message History

The tarantella touches you but does no damage.
The redback closely misses you. The tarantella barely misses you.
The wolf spider closely misses you. x2; The redback bites you.
* * * LOW HITPOINT WARNING * * *
The wolf spider barely misses you.
The wolf spider bites you but does no damage.
The jumping spider leaps!
The tarantella barely misses you. The redback misses you.
The tarantella touches you but does no damage.
You feel better. You block the tarantella's attack.
You block the wolf spider's attack. x2; The wolf spider barely misses you. x2
The redback closely misses you. The tarantella misses you.
The tarantella closely misses you. The redback bites you!
* * * LOW HITPOINT WARNING * * *
You hit the wolf spider.
The wolf spider is lightly wounded.
The tarantella closely misses you. The wolf spider hits you.
* * * LOW HITPOINT WARNING * * *
You block the wolf spider's attack. The wolf spider barely misses you.
The wolf spider bites you but does no damage.
The redback bites you.
* * * LOW HITPOINT WARNING * * *
The redback bites you but does no damage.
The tarantella touches you but does no damage.
You completely miss the wolf spider. The wolf spider closely misses you.
You block the wolf spider's attack.
The wolf spider hits you but does no damage.
You block the wolf spider's attack.
The redback bites you but does no damage.
The jumping spider closely misses you.
The jumping spider bites you but does no damage.
You block the tarantella's attack.
The redback bites you but does no damage.
The tarantella barely misses you. The wolf spider hits you!
* * * LOW HITPOINT WARNING * * *
The wolf spider bites you but does no damage.
You sock the wolf spider!
The wolf spider is moderately wounded.
The wolf spider hits you!
You die...

#############
..............#
...##....sss...#
.........s@s...#
...#.......sss^..#
#........#..s....#
°..................#
.......#.......#...#
..............#....#
. #......#..........#
^. #...........#..#.#
...#....#...##....###


You could see 2 wolf spiders, a culicivora, a jumping spider, 3 tarantellas and
2 redbacks.

Vanquished Creatures
  A bone dragon (D:12)
  An orc warlord (Orc:1)
  The ghost of funaii the Spear-Bearer, a journeyman MiBe of Trog (D:11)
  A rakshasa (D:14)
  4 vault guards
  4 ogre magi
  5 hydras
  23 two-headed ogres
  3 catoblepae
  3 centaur warriors
  3 boulder beetles
  A tengu warrior (D:14)
  8 death yaks
  Urug (D:11)
  Amaemon (D:11)
  A skeletal warrior (D:14)
  A deep elf pyromancer (D:14)
  4 wolf spider zombies (D:12)
  8 orc knights
  2 wolf spiders (Spider:1)
  10 ugly things
  10 manticores
  4 orc sorcerers
  4 cyclopes
  8 elephants
  Maurice (D:8)
  2 black mambas
  4 centaur zombies (D:12)
  An orange demon (D:11)
  A gargoyle (D:12)
  8 centaur skeletons (D:12)
  9 komodo dragons
  5 cane toads
  Maggie (D:8)
  2 freezing wraiths (D:14)
  2 kobold demonologists (D:11)
  3 efreet
  3 rime drakes
  A yaktaur (D:14)
  10 polar bears
  6 trolls
  8 hornets
  A dream sheep (Lair:5)
  4 blink frogs (Lair:3)
  10 slime creatures (D:14)
  A ynoxinul (D:11)
  2 shadows (D:10)
  A centaur simulacrum (D:14)
  15 spriggans
  5 vampires
  2 wraiths
  3 wyverns
  29 yaks
  4 basilisks
  A redback (Spider:1)
  Grum (D:8)
  8 vampire mosquitoes
  A steam dragon (D:5)
  3 swamp worms (Lair:2)
  7 wargs
  5 acid dragons
  11 water moccasins
  A hornet zombie (D:12)
  26 orc warriors
  31 ogres
  3 black bears
  A sky beast (D:8)
  11 centaurs
  3 boggarts
  18 wolves
  5 phantoms
  4 kobold brigands
  8 bullfrogs
  2 necrophages
  2 scorpions
  20 wights
  4 killer bees (D:8)
  An electric eel (Lair:1)
  3 howler monkeys
  4 jellies
  10 orc priests
  4 hounds
  A gnoll bouda (D:5)
  4 hell rats
  6 iguanas
  24 orc wizards
  2 boggart skeletons (D:12)
  A boggart zombie (D:12)
  4 gnolls (D:5)
  9 adders
  2 white imps (D:6)
  3 worms
  3 dart slugs
  75 orcs
  6 ball pythons
  8 endoplasms
  4 giant cockroaches
  7 goblins
  4 hobgoblins
  2 jackals (D:5)
  20 kobolds
  2 quokkas
  6 bats
  2 rats (D:3)
  A spectral orc (D:3)
650 creatures vanquished.

Vanquished Creatures (others)
  2 iguanas (D:5)
  An orc wizard (D:8)
  An orc (Orc:2)
  20 fungi
  27 plants
51 creatures vanquished.

Grand Total: 701 creatures vanquished

Notes
Turn   | Place    | Note
-------+----------+-------------------------------------------
     0 | D:1      | nuthulu the Gargoyle Fighter began the quest for the Orb.
     0 | D:1      | Reached XP level 1. HP: 14/14 MP: 1/1
   672 | D:1      | Reached XP level 2. HP: 19/19 MP: 2/2
  1211 | D:2      | Reached XP level 3. HP: 24/24 MP: 3/3
  1865 | D:3      | Found Zinup's General Store.
  1868 | D:3      | Found a basalt altar of Yredelemnul.
  1886 | D:3      | Bought a scroll of identify for 28 gold pieces
  2006 | D:3      | Reached XP level 4. HP: 30/30 MP: 4/4
  2276 | D:3      | Noticed a scorpion
  2289 | D:3      | Killed a scorpion
  2290 | D:3      | Reached XP level 5. HP: 20/34 MP: 5/5
  2403 | D:3      | Reached skill level 5 in Fighting
  2871 | D:4      | Noticed a phantom
  2895 | D:4      | Killed a phantom
  2896 | D:4      | Reached XP level 6. HP: 34/40 MP: 6/6
  3434 | D:5      | Entered Level 5 of the Dungeon
  3520 | D:5      | Reached skill level 5 in Maces & Flails
  3606 | D:5      | Reached XP level 7. HP: 45/47 MP: 7/7
  3762 | D:5      | Found a shimmering altar of Xom.
  4292 | D:5      | Reached XP level 8. HP: 53/53 MP: 8/8
  4965 | D:5      | Reached XP level 9. HP: 26/60 MP: 9/9
  5280 | D:6      | Found Awyfozyg's Assorted Antiques.
  5712 | D:7      | Reached skill level 10 in Fighting
  5845 | D:7      | Noticed a hornet
  5854 | D:7      | Killed a hornet
  5974 | D:7      | Found a staircase to the Ecumenical Temple.
  5979 | Temple   | Entered the Ecumenical Temple
  6920 | D:8      | Reached skill level 10 in Maces & Flails
  6920 | D:8      | Reached XP level 10. HP: 61/69 MP: 10/10
  7171 | D:8      | Found a radiant altar of Vehumet.
  7238 | D:8      | Noticed Grum
  7256 | D:8      | Killed Grum
  7316 | D:8      | Noticed Maggie
  7332 | D:8      | Killed Maggie
  7392 | D:8      | Noticed Maurice
  7415 | D:8      | Killed Maurice
  7447 | D:8      | Found a glowing silver altar of Zin.
  7449 | D:8      | Found an iron altar of Okawaru.
  7468 | D:8      | Became a worshipper of Warmaster Okawaru
  7662 | D:9      | Noticed a boulder beetle
  7688 | D:9      | Killed a boulder beetle
  7692 | D:9      | Reached * piety under Okawaru
  7784 | D:9      | Found a hide-covered altar of Uskayaw.
  7848 | D:9      | Noticed a centaur warrior
  7861 | D:9      | Killed a centaur warrior
  7862 | D:9      | Reached XP level 11. HP: 55/78 MP: 11/11
  8075 | D:9      | Reached ** piety under Okawaru
  8393 | D:9      | Noticed a manticore
  8407 | D:9      | Killed a manticore
  8664 | D:9      | Found a staircase to the Lair.
  8731 | D:10     | Entered Level 10 of the Dungeon
  8844 | D:10     | Noticed a manticore
  8853 | D:10     | Killed a manticore
  8853 | D:10     | Reached *** piety under Okawaru
  9071 | D:10     | Found a glowing golden altar of the Shining One.
  9201 | D:10     | Found a hazy altar of Hepliaklqana.
  9325 | D:10     | Found a staircase to the Orcish Mines.
  9684 | Lair:1   | Entered Level 1 of the Lair of Beasts
  9812 | Lair:1   | Reached **** piety under Okawaru
 10588 | Lair:2   | Reached ***** piety under Okawaru
 10589 | Lair:2   | Reached XP level 12. HP: 78/85 MP: 12/12
 10599 | Lair:2   | Reached skill level 1 in Invocations
 10775 | Lair:2   | Reached skill level 4 in Armour
 10791 | Lair:2   | Identified the +6 ring mail of Voreut {Will+} (Okawaru
                  | gifted it to you on level 2 of the Lair of Beasts)
 10791 | Lair:2   | Received a gift from Okawaru
 11096 | Lair:2   | Reached skill level 5 in Armour
 11250 | Lair:2   | Noticed an eight-headed hydra
 11638 | Lair:2   | Killed an eight-headed hydra
 11650 | Lair:2   | Noticed a four-headed hydra
 11691 | Lair:2   | Killed a four-headed hydra
 11692 | Lair:2   | Reached skill level 6 in Armour
 11692 | Lair:2   | Reached skill level 5 in Invocations
 11730 | Lair:2   | Found a staircase to the Swamp.
 12014 | Lair:3   | Reached skill level 7 in Armour
 12410 | Lair:3   | Noticed a catoblepas
 12419 | Lair:3   | Killed a catoblepas
 12446 | Lair:3   | Found a hole to the Spider Nest.
 12482 | Lair:3   | Reached skill level 8 in Armour
 12734 | Lair:4   | Noticed a catoblepas
 12745 | Lair:4   | Killed a catoblepas
 12908 | Lair:4   | Received a gift from Okawaru
 12909 | Lair:4   | Reached XP level 13. HP: 90/90 MP: 18/18
 13064 | Lair:4   | Reached skill level 9 in Armour
 13602 | Lair:5   | Entered Level 5 of the Lair of Beasts
 13849 | Lair:5   | Identified the +2 hat of the Snake Pit {Drain rElec Int+3}
                  | (Okawaru gifted it to you on level 5 of the Lair of Beasts)
 13849 | Lair:5   | Received a gift from Okawaru
 13902 | Lair:5   | Reached skill level 10 in Armour
 14076 | Lair:4   | Reached skill level 5 in Shields
 14414 | Lair:5   | Reached skill level 11 in Armour
 14800 | Lair:5   | Found a runed translucent door.
 14814 | Lair:5   | Found a staircase to the Slime Pits.
 15507 | Orc:1    | Entered Level 1 of the Orcish Mines
 15793 | D:10     | Gained mutation: Your large and strong wings let you fly.
                  | [Gargoyle growth]
 15793 | D:10     | Reached XP level 14. HP: 55/96 MP: 10/20
 15807 | D:10     | Reached skill level 12 in Armour
 16000 | Orc:1    | Received a gift from Okawaru
 16377 | Orc:2    | Entered Level 2 of the Orcish Mines
 16445 | Orc:2    | Noticed an orc warlord
 16667 | Orc:1    | Killed an orc warlord
 17033 | Orc:2    | Received a gift from Okawaru
 17161 | Orc:1    | Reached skill level 13 in Armour
 17180 | Orc:2    | Reached skill level 15 in Maces & Flails
 17638 | Orc:2    | Found a staircase to the Elven Halls.
 17891 | Orc:2    | Reached skill level 14 in Armour
 17965 | Orc:2    | Found Xibu's Antique Weapon Emporium.
 17965 | Orc:2    | Found Upluinn's Distillery.
 18020 | Orc:2    | Found Bynemp's Weapon Shoppe.
 18020 | Orc:2    | Found Lolas's Armour Boutique.
 18174 | Orc:2    | Found Uxeupp's General Store.
 18195 | Orc:2    | Reached XP level 15. HP: 60/100 MP: 21/21
 18232 | Orc:2    | Bought a scroll of enchant armour for 135 gold pieces
 18533 | Orc:2    | Bought a potion of experience for 700 gold pieces
 18533 | Orc:2    | Reached XP level 16. HP: 106/106 MP: 22/22
 18804 | D:11     | Found a runed translucent door.
 18804 | D:11     | Noticed funaii's ghost (journeyman MiBe)
 18828 | D:11     | Noticed Amaemon
 18847 | D:11     | Received a gift from Okawaru
 18858 | D:11     | Killed Amaemon
 18962 | D:11     | Noticed Urug
 18969 | D:11     | Killed Urug
 19138 | D:11     | Found a blossoming altar of Fedhas.
 19277 | D:11     | Killed funaii's ghost
 19302 | D:11     | Got the Quarto of the Caves
 19460 | D:12     | Reached skill level 15 in Armour
 19484 | D:12     | Found Beuhacaw's Antique Armour Emporium.
 19752 | D:12     | Found the +9 sword of Zonguldrok {reap}
 19752 | D:12     | Noticed a bone dragon
 19776 | D:12     | Killed a bone dragon
 19790 | D:12     | Reached skill level 10 in Shields
 19847 | D:12     | Identified the +2 plate armour of Quicamn {rN+ Will+}
                  | (Okawaru gifted it to you on level 12 of the Dungeon)
 19847 | D:12     | Received a gift from Okawaru
 21059 | D:13     | You are sucked into a shaft and drop 1 floor!
 21073 | D:14     | Reached skill level 16 in Armour
 21729 | D:14     | Found an iron altar of Okawaru.
 22147 | D:14     | Found a gate to the Vaults.
 22487 | D:14     | Reached skill level 15 in Fighting
 22487 | D:14     | Reached XP level 17. HP: 89/113 MP: 23/23
 22587 | D:14     | Reached skill level 17 in Armour
 23248 | Spider:1 | Entered Level 1 of the Spider Nest
 23304 | Spider:1 | Mangled by a wolf spider

Illustrated notes

Levels and vault maps discovered:
D:1:      scummos_arrival_forest, layout_basic
D:2:      layout_basic
D:3:      layout_basic, yredelemnul_forgotten_temple_becter, serial_shops,
          nicolae_shop_crystal
D:4:      layout_rooms
D:5:      minmay_razor_zed, layout_basic, lemuel_coloured_pillars_altar
D:6:      layout_basic, serial_shops, kennysheep_mini_moat
D:7:      layout_basic, minmay_temple_entry_nine_rooms,
          nicolae_ossuary_entry_ruins, nicolae_fountain_basement
D:8:      layout_loops_ring, mainiacjoe_overflow_boulevard,
          mainiacjoe_overflow_large_starburst, uniq_grum, uniq_maurice,
          uniq_maggie
D:9:      minmay_diamond_stairs, layout_irregular_city,
          eat_drink_and_be_merry_uskayaw, lair_entry_dummy
D:10:     layout_loops_cross, nicolae_hepliaklqana_hippocampus,
          tso_oasis_becter, minmay_orc_entry_temple_small
D:11:     layout_basic, hellmonk_ghost_big_iron, fedhas_bush_and_centaur_altar,
          uniq_amaemon, uniq_urug
D:12:     layout_basic, serial_shops, nicolae_lakefront_shop,
          minmay_guarded_unrand_zonguldrok
D:13:     layout_gridville
D:14:     minmay_the_grid_square_5x5_3x3 [minmay_the_grid_square_5x5_bracketed,
          minmay_the_grid_square_5x5_fat_x, minmay_the_grid_square_5x5_mess,
          minmay_the_grid_square_5x5_minibox,
          minmay_the_grid_square_5x5_megaprize_hollow,
          minmay_the_grid_square_5x5_shrine2,
          minmay_the_grid_square_5x5_two_small,
          minmay_the_grid_square_5x5_minivault,
          minmay_the_grid_square_5x5_inset], layout_irregular_city,
          lightli_vaults_fourway_checkpoint, okawaru_ov_weapons_minmay,
          the_hattery
Temple:   minmay_temple_curvy_branch
Lair:1:   layout_roguey, grunt_megastairs_3, serial_bayou_shore_a
Lair:2:   wander_river, layout_concentric_octagons, palyth_hydra_swamp_entry,
          pdpol_lair_neglected_garden
Lair:3:   layout_loops_ring, dummy_spider_entry
Lair:4:   layout_roguey
Lair:5:   minmay_lair_end_enchanted_forest, layout_concentric_octagons,
          slime_entry_2
Spider:1: layout_spider_delve, nicolae_spider_not_touching_you
Orc:1:    layout_diamond_mine, minmay_orc_temple_b
Orc:2:    st_orc_ogre_mass, layout_caves, serial_shops, shop

Skill      XL: |  1  2  3  4  5  6  7  8  9 10 11 12 13 14 15 16 17 |
---------------+----------------------------------------------------+-----
Fighting       | 4 5 6 7 9 11 13 14 15 | 15.2
Maces & Flails | 3 4 5 6 8 10 11 14 16 | 16.0
Invocations    | 7 9 |  9.1
Armour         | 8 11 14 16 17 | 17.1
Shields        | 7 8 10 | 10.9
Dodging        | 4 |  4.9

Action                     |  1- 3 |  4- 6 |  7- 9 | 10-12 | 13-15 | 16-18 || total
---------------------------+-------+-------+-------+-------+-------+-------++-------
  Melee: Flail             |   110 |   172 |   316 |   720 |   676 |       ||  1994
         Eveningstar       |       |       |       |       |   542 |   866 ||  1408
  Throw: Throwing net      |       |       |     1 |     3 |       |       ||     4
 Invoke: Heroism           |       |       |       |     3 |     8 |     4 ||    15
    Use: Scroll            |     6 |     3 |    12 |     7 |     3 |     6 ||    37
         Potion            |       |     2 |       |     3 |     3 |     6 ||    14
   Stab: Held in net/web   |       |       |       |     1 |       |       ||     1
         Petrified         |       |       |       |       |       |     5 ||     5
         Petrifying        |       |       |       |       |       |     1 ||     1
 Armour: Scale mail        |    58 |    87 |   218 |   293 |       |       ||   656
         Skin              |       |     2 |       |       |       |       ||     2
         Ring mail         |       |       |       |   135 |   417 |       ||   552
         Plate armour      |       |       |       |       |   408 |   801 ||  1209
  Dodge: Dodged            |    82 |    72 |   124 |   251 |   490 |   417 ||  1436
  Block: Buckler           |    23 |    28 |    74 |   136 |   462 |   499 ||  1222
         Reflection        |       |       |       |       |       |     6 ||     6

Table legend: (Time is in decaauts)
 A = Elapsed time spent in this place.
 B = Non-inter-level travel time spent in this place.
 C = Inter-level travel time spent in this place.
 D = Time resting spent in this place.
 E = Time spent auto-exploring this place.
 F = Levels seen in this place.
 G = Mean time per level.
                   A        B        C        D        E       F      G
               +--------+--------+--------+--------+--------+-----+--------+
         Total |  22794 |  21832 |    962 |   3510 |  11695 |  23 |  991.0 |
       Dungeon |  14067 |  13448 |    619 |   2052 |   7499 |  14 | 1004.8 |
        Temple |    256 |    237 |     19 |      0 |    218 |   1 |  256.0 |
          Lair |   5606 |   5370 |    236 |    591 |   3265 |   5 | 1121.2 |
   Spider Nest |     47 |     47 |      0 |      0 |      0 |   1 |   47.0 |
  Orcish Mines |   2815 |   2728 |     87 |    866 |    713 |   2 | 1407.5 |
               +--------+--------+--------+--------+--------+-----+--------+

Top non-repeatable levels by time:
   Orc:1: 1669 daAuts
    D:13: 1462 daAuts
  Lair:5: 1458 daAuts
     D:5: 1373 daAuts
  Lair:2: 1333 daAuts
    D:14: 1241 daAuts
    D:10: 1153 daAuts
   Orc:2: 1146 daAuts
  Lair:4: 1125 daAuts
     D:9: 1099 daAuts
     D:3: 1014 daAuts
     D:6: 935 daAuts
  Lair:1: 868 daAuts
     D:7: 863 daAuts
     D:1: 847 daAuts
